 Dungeon Sprint DCSS version 0.31-a0-590-g8a5a4361df (webtiles) character file.

Game seed: 15850166072886059947

9 zazu2006 the Protected (level 2, -4/21 HPs)
             Began as a Gnoll Wanderer on Aug 19, 2023.
             Slain by a scorpion (6 damage)
             ... in the Dungeon (Sprint IV: "Fedhas' Mad Dash").
             The game lasted 00:00:38 (101 turns).

zazu2006 the Protected (Gnoll Wanderer)              Turns: 101, Time: 00:00:39

Health: -4/21      AC:  6    Str: 11    XL:     2   Next: 16%
Magic:  4/8        EV:  9    Int: 11    God:
Gold:   0          SH:  0    Dex: 11    Spells: 10/11 levels left

rFire   . . .        a - +0 club
rCold   . . .        (no shield)
rNeg    . . .        d - +2 scale mail
rPois   .            (no helmet)
rElec   .            (no cloak)
rCorr   .            (no gloves)
SInv    .            (no boots)
Will    .....        (no amulet) Stlth
                     (no ring)
HPRegen 0.23/turn    (no ring)
MPRegen 0.11/turn

%: no teleportation
@: corroded, very slightly contaminated
A: fangs 1, strong nose, distributed training
a: no special abilities


You were in the Dungeon.
You visited 1 branch

Inventory:

Hand Weapons
 a - a +0 club (weapon)
Armour
 d - a +2 scale mail (worn)
Wands
 b - a wand of flame (3)
Scrolls
 c - a scroll of vulnerability
 j - a scroll of blinking
 k - a scroll of enchant armour {unknown}
Potions
 f - a potion of heal wounds
 g - a potion of haste
 h - 2 potions of magic
 i - a potion of berserk rage


   Skills:
 + Level 1.2 Fighting
 + Level 1.2 Short Blades
 + Level 1.2 Long Blades
 + Level 1.2 Axes
 + Level 1.2 Maces & Flails
 + Level 1.2 Polearms
 + Level 1.2 Staves
 + Level 1.2 Ranged Weapons
 + Level 1.2 Throwing
 + Level 10.5 Armour
 + Level 1.2 Dodging
 + Level 1.2 Stealth
 + Level 1.2 Shields
 + Level 1.2 Unarmed Combat
 + Level 5.1 Spellcasting
 + Level 1.0 Conjurations
 + Level 1.0 Hexes
 + Level 1.0 Summonings
 + Level 1.0 Necromancy
 + Level 1.0 Translocations
 + Level 1.0 Transmutations
 + Level 1.0 Fire Magic
 + Level 1.0 Ice Magic
 + Level 1.0 Air Magic
 + Level 1.0 Earth Magic
 + Level 1.0 Poison Magic
 + Level 1.3 Invocations
 + Level 6.6 Evocations
 + Level 1.0 Shapeshifting


You had 10 spell levels left.
You knew the following spells:

 Your Spells              Type           Power      Damage    Failure   Level
a - Necrotise             Necr           20%        1d5       50%         1

Your spell library contained the following spells:

 Spells                   Type           Power      Damage    Failure   Level
 Vampiric Draining        Necr           5%         2d6       86%         3


Dungeon Overview and Level Annotations

Branches:
Dungeon (1/1)

Altars:

Annotations:
D exclusion: oklob sapling


Innate Abilities, Weirdness & Mutations

You have very sharp teeth.
Your uncanny sense of smell can sniff out nearby items.
Your experience applies equally to all skills.


Message History

Confirm with . or Enter, or press ? or * to list all spells.
You don't know that spell.
Casting: Necrotise (safe; 50% risk of failure)
Confirm with . or Enter, or press ? or * to list all spells.
Aiming: Necrotise (safe; 50% risk of failure)
Press: ? - help, Shift-Dir - straight line, f - scorpion
Aim: a scorpion (chance to affect: 50%)
The scorpion writhes in agony.
The scorpion stings you. The scorpion barely misses you.
Casting: Necrotise (safe; 50% risk of failure)
Confirm with . or Enter, or press ? or * to list all spells.
Aiming: Necrotise (safe; 50% risk of failure)
Press: ? - help, Shift-Dir - straight line, f/p - scorpion
Aim: a scorpion (lightly wounded, chance to affect: 50%)
You miscast Necrotise.
You are very lightly contaminated with residual magic.
Nothing appears to happen.
The scorpion stings you.
* * * LOW HITPOINT WARNING * * *
Casting: Necrotise (safe; 50% risk of failure)
Confirm with . or Enter, or press ? or * to list all spells.
Aiming: Necrotise (safe; 50% risk of failure)
Press: ? - help, Shift-Dir - straight line, f/p - scorpion
Aim: a scorpion (lightly wounded, chance to affect: 50%)
You miscast Necrotise.
Nothing appears to happen.
The scorpion completely misses you.
Unknown command.
Casting: Necrotise (safe; 50% risk of failure)
Confirm with . or Enter, or press ? or * to list all spells.
Aiming: Necrotise (safe; 50% risk of failure)
Press: ? - help, Shift-Dir - straight line, f/p - scorpion
Aim: a scorpion (lightly wounded, chance to affect: 50%)
The scorpion writhes in agony.
The scorpion stings you.
* * * LOW HITPOINT WARNING * * *
Aiming: Throw Flame
Press: ? - help, Shift-Dir - straight line, f/p - scorpion
Aim: a scorpion (moderately wounded, 74% to hit)
The puff of flame hits the scorpion.
The scorpion is heavily wounded.
The scorpion stings you.
You die...

##################
#<..P#.....#.$@$$#
#PP..†.....'.#s[.+
#PPPP#.....#P#"..#
###############+##
∆ ∆ ∆ ∆ ∆∆∆∆


You could see a scorpion.

Vanquished Creatures
  A river rat (D)
  A rat (D)
2 creatures vanquished.

Notes
Turn   | Place    | Note
-------+----------+-------------------------------------------
     0 | D        | Reached skill level 10 in Armour
     0 | D        | zazu2006 the Gnoll Wanderer began the quest for the Orb.
     0 | D        | zazu2006 set off with the following items: a +0 club, a
                  | wand of flame (4), a scroll of vulnerability, a +2 scale
                  | mail, a potion of curing, a potion of heal wounds, a potion
                  | of haste, 2 potions of magic, a potion of berserk rage, a
                  | scroll of blinking; and the following spell memorised:
                  | Necrotise; and the following spells available to memorise:
                  | Vampiric Draining.
     0 | D        | Reached XP level 1. HP: 13/13 MP: 6/6
    28 | D        | Reached skill level 1 in Fighting
    28 | D        | Reached skill level 1 in Short Blades
    28 | D        | Reached skill level 1 in Long Blades
    28 | D        | Reached skill level 1 in Axes
    28 | D        | Reached skill level 1 in Maces & Flails
    28 | D        | Reached skill level 1 in Polearms
    28 | D        | Reached skill level 1 in Staves
    28 | D        | Reached skill level 1 in Ranged Weapons
    28 | D        | Reached skill level 1 in Throwing
    28 | D        | Reached skill level 1 in Dodging
    28 | D        | Reached skill level 1 in Stealth
    28 | D        | Reached skill level 1 in Shields
    28 | D        | Reached skill level 1 in Unarmed Combat
    28 | D        | Reached skill level 5 in Spellcasting
    28 | D        | Reached skill level 1 in Invocations
    28 | D        | Reached XP level 2. HP: 7/21 MP: 8/8
    29 | D        | Reached skill level 1 in Conjurations
    29 | D        | Reached skill level 1 in Hexes
    29 | D        | Reached skill level 1 in Summonings
    29 | D        | Reached skill level 1 in Necromancy
    29 | D        | Reached skill level 1 in Translocations
    29 | D        | Reached skill level 1 in Transmutations
    29 | D        | Reached skill level 1 in Fire Magic
    29 | D        | Reached skill level 1 in Ice Magic
    29 | D        | Reached skill level 1 in Air Magic
    29 | D        | Reached skill level 1 in Earth Magic
    29 | D        | Reached skill level 1 in Poison Magic
    29 | D        | Reached skill level 1 in Shapeshifting
    92 | D        | Noticed an oklob sapling
    94 | D        | Noticed a scorpion
    94 | D        | Found the amulet of invisibility {+Inv}
   101 | D        | Slain by a scorpion

Illustrated notes

Levels and vault maps discovered:
D:        dungeon_sprint_fedhas [sprint_temple]

Skill      XL: |  1  2 |
---------------+-------+-----
Armour         | | 10.5
Fighting       | 1 |  1.2
Short Blades   | 1 |  1.2
Long Blades    | 1 |  1.2
Axes           | 1 |  1.2
Maces & Flails | 1 |  1.2
Polearms       | 1 |  1.2
Staves         | 1 |  1.2
Ranged Weapons | 1 |  1.2
Throwing       | 1 |  1.2
Dodging        | 1 |  1.2
Stealth        | 1 |  1.2
Shields        | 1 |  1.2
Unarmed Combat | 1 |  1.2
Spellcasting   | 5 |  5.1
Invocations    | 1 |  1.3
Conjurations   | 1 |  1.0
Hexes          | 1 |  1.0
Summonings     | 1 |  1.0
Necromancy     | 1 |  1.0
Translocations | 1 |  1.0
Transmutations | 1 |  1.0
Fire Magic     | 1 |  1.0
Ice Magic      | 1 |  1.0
Air Magic      | 1 |  1.0
Earth Magic    | 1 |  1.0
Poison Magic   | 1 |  1.0
Shapeshifting  | 1 |  1.0
Evocations     | |  6.6

Action                     || total
---------------------------++-------
  Melee: Club              ||    22
         Bite              ||     2
   Cast: Necrotise         ||     2
  Evoke: Wand              ||     1
    Use: Potion            ||     1
 Armour: Scale mail        ||     9
  Dodge: Dodged            ||    15

Table legend: (Time is in decaauts)
 A = Elapsed time spent in this place.
 B = Non-inter-level travel time spent in this place.
 C = Inter-level travel time spent in this place.
 D = Time resting spent in this place.
 E = Time spent auto-exploring this place.
 F = Levels seen in this place.
 G = Mean time per level.
                   A        B        C        D        E       F      G
               +--------+--------+--------+--------+--------+-----+--------+
         Total |    107 |    107 |      0 |     55 |      0 |   1 |  107.0 |
       Dungeon |    107 |    107 |      0 |     55 |      0 |   1 |  107.0 |
               +--------+--------+--------+--------+--------+-----+--------+

Top non-repeatable levels by time:
       D: 107 daAuts
